 Dungeon Sprint DCSS version 0.30-a0-390-g80c34de65d (webtiles) character file.

Game seed: 10089681076371158594

988 Conn the Arsonist (level 8, -11/47 HPs)
             Began as an Octopode Fire Elementalist on Dec 4, 2022.
             Was a Follower of Sif Muna.
             Mangled by a deep troll (12 damage)
             ... in the Dungeon (Sprint I: "Red Sonja").
             The game lasted 00:04:03 (577 turns).

Conn the Arsonist (Octopode Fire Elementalist)       Turns: 577, Time: 00:04:03

Health: -11/47     AC:  1    Str:  7    XL:     8   Next: 18%
Magic:  2/19       EV: 15    Int: 20    God:    Sif Muna [*.....]
Gold:   521        SH:  0    Dex: 12    Spells: 9/22 levels left

rFire   . . .      SeeInvis .    b - +1 dagger (venom)
rCold   . . .      Faith    .    (no shield)
rNeg    . . .      Spirit   .    (helmet restricted)
rPois   .          Reflect  .    (no amulet)
rElec   .          Harm     .    (no ring)
rCorr   .          Rampage  .    (no ring)
Will    .....      NoTele   +    (no ring)
Stlth   ++++......               (no ring)
HPRegen 0.27/turn                (no ring)
MPRegen 0.16/turn                (no ring)
                                 (no ring)
                                 (no ring)

@: very slightly contaminated
A: almost no armour, amphibious, 8 rings, camouflage 1, gelatinous body 1,
(nimble swimmer 1), tentacles
a: Renounce Religion, Channel Magic


You were in the Dungeon.
You worshipped Sif Muna.
Sif Muna was aware of your devotion.
You visited 1 branch You collected 621 gold pieces.
You spent 100 gold pieces at shops.

Inventory:

Hand Weapons
 b - a +1 dagger of venom (weapon)
 g - a +2 scythe of venom
Missiles
 i - 3 curare-tipped darts (quivered)
Wands
 e - a wand of iceblast (9)
Scrolls
 f - a scroll of blinking
 h - a scroll of magic mapping {unknown}
Potions
 a - 3 potions of magic
 c - 3 potions of heal wounds
 d - 2 potions of haste
 j - 2 potions of curing


   Skills:
 + Level 0.5 Fighting
 + Level 6.1 Dodging
 + Level 6.6 Stealth
 + Level 7.9 Spellcasting
 * Level 5.2 Conjurations
 + Level 0.5 Hexes
 + Level 11.7 Fire Magic
 * Level 5.3 Invocations
 + Level 0.6 Evocations


You had 9 spell levels left.
You knew the following spells:

 Your Spells              Type           Power      Damage    Failure   Level
a - Foxfire               Conj/Fire      100%       2x1d9     1%          1
b - Kindle Blastsparks    Fire/Tloc/Air  46%        2d13      5%          3
c - Inner Flame           Hex/Fire       32%        N/A       1%          3
d - Flame Wave            Conj/Fire      41%        2d11      2%          4
e - Scorch                Fire           100%       2d10      1%          2

Your spell library contained the following spells:

 Spells                   Type           Power      Damage    Failure   Level


Dungeon Overview and Level Annotations

Branches:
Dungeon (1/1)

Altars:
Cheibriados
Dithmenos
Elyvilon
Fedhas
Gozag
Hepliaklqana
Kikubaaqudgha
Nemelex Xobeh
Okawaru
Qazlal
Ru
Sif Muna
Trog
Uskayaw
Vehumet
Wu Jian
Yredelemnul
Zin
The Shining One

Shops:
D [!


Innate Abilities, Weirdness & Mutations

You cannot wear most types of armour.
You are amphibious.
You can wear up to eight rings at the same time.
Your skin changes colour to match your surroundings (Stealth+).
Your rubbery body absorbs attacks. (AC +1, EV +1)
((You are camouflaged when in or above water. (Stealth+)))
You have tentacles for arms and can constrict up to eight enemies at once.


Message History

The deep troll is lightly wounded.
The cloud of blastsparks explodes!
The concussive blast engulfs the deep troll!
The deep troll is moderately wounded.
The deep troll is knocked back by the blast.
Casting: Kindle Blastsparks (dangerous; 5% risk of failure)
Confirm with . or Enter, or press ? or * to list all spells.
You miscast Kindle Blastsparks.
You are very lightly contaminated with residual magic.
Nothing appears to happen.
Casting: Kindle Blastsparks (dangerous; 5% risk of failure)
Confirm with . or Enter, or press ? or * to list all spells.
A cloud of volatile blastsparks flares up around you!
The cloud of blastsparks explodes!
The concussive blast engulfs the deep troll!
The deep troll is moderately wounded.
Casting: Kindle Blastsparks (dangerous; 5% risk of failure)
Confirm with . or Enter, or press ? or * to list all spells.
Flames lash the deep troll.
The deep troll is moderately wounded.
The deep troll's fire resistance burns away.
Casting: Scorch (safe; 1% risk of failure)
Confirm with . or Enter, or press ? or * to list all spells.
Casting: Flame Wave (dangerous; 2% risk of failure)
Press: ? - help, Dir - look around, f - activate A wave of flame ripples out!
The flame wave engulfs the deep troll!
The deep troll is burned terribly!
The deep troll is heavily wounded. (Press . to intensify the flame waves.)
The deep troll barely misses you. The deep troll claws you!
The deep troll claws you.
A wave of flame ripples out!
The flame wave engulfs the deep troll.
The deep troll is burned terribly!
The deep troll is heavily wounded.
The deep troll bites you!!
* * * LOW HITPOINT WARNING * * *
The deep troll claws you!
* * * LOW HITPOINT WARNING * * *
The deep troll claws you!
You die...

#..#####'#####'#
#..####..#...#[#
#..#__####..##.#
#..#_____##'#_.+
#⌠⌠#_.∩...'..._#
####_..__##_.#'#
#_____###'#(#
############.####+###
#∩..@T....'...'$$.$$+
###++++####...#######
###.### #.#'#.#
#.....# #.....#
#######


You could see a deep troll (combustible).

Vanquished Creatures
  Sonja (D)
  Sigmund (D)
  A yak (D)
  An ogre (D)
  A jelly (D)
  Ijyb (D)
  2 ballistomycete spores (D)
8 creatures vanquished.

Vanquished Creatures (others)
  19 foxfires (D)
19 creatures vanquished.

Grand Total: 27 creatures vanquished

Notes
Turn   | Place    | Note
-------+----------+-------------------------------------------
     0 | D        | Conn the Octopode Fire Elementalist began the quest for the
                  | Orb.
     0 | D        | Reached XP level 1. HP: 11/11 MP: 3/3
     3 | D        | Noticed Ijyb
    14 | D        | Killed Ijyb
    15 | D        | Reached skill level 5 in Fire Magic
    15 | D        | Reached XP level 2. HP: 5/17 MP: 0/6
    15 | D        | Reached XP level 3. HP: 6/21 MP: 0/7
    67 | D        | Learned a level 2 spell: Scorch
    71 | D        | Learned a level 3 spell: Kindle Blastsparks
    79 | D        | Noticed an ogre
    83 | D        | Killed an ogre
    84 | D        | Reached skill level 7 in Fire Magic
    84 | D        | Reached XP level 4. HP: 27/27 MP: 2/10
   152 | D        | Learned a level 3 spell: Inner Flame
   152 | D        | Noticed Sigmund
   159 | D        | Killed Sigmund
   160 | D        | Reached skill level 5 in Stealth
   160 | D        | Reached skill level 5 in Spellcasting
   160 | D        | Reached skill level 9 in Fire Magic
   160 | D        | Reached XP level 5. HP: 31/31 MP: 3/13
   160 | D        | Reached XP level 6. HP: 36/36 MP: 3/14
   245 | D        | Found an ornate altar of the Wu Jian Council.
   245 | D        | Found a shimmering blue altar of Sif Muna.
   247 | D        | Found a radiant altar of Vehumet.
   251 | D        | Became a worshipper of Sif Muna the Loreminder
   255 | D        | Reached skill level 5 in Dodging
   273 | D        | Found Paffid's Distillery.
   273 | D        | Found an ancient bone altar of Kikubaaqudgha.
   273 | D        | Found a hazy altar of Hepliaklqana.
   273 | D        | Found a stormy altar of Qazlal.
   273 | D        | Found a hide-covered altar of Uskayaw.
   273 | D        | Found a blossoming altar of Fedhas.
   273 | D        | Found a bloodstained altar of Trog.
   273 | D        | Found an iron altar of Okawaru.
   273 | D        | Found a basalt altar of Yredelemnul.
   273 | D        | Found a glowing golden altar of the Shining One.
   273 | D        | Found a snail-covered altar of Cheibriados.
   273 | D        | Found a sacrificial altar of Ru.
   273 | D        | Found a glowing silver altar of Zin.
   273 | D        | Found a shadowy altar of Dithmenos.
   273 | D        | Found a white marble altar of Elyvilon.
   273 | D        | Noticed a yak
   283 | D        | Killed a yak
   284 | D        | Reached skill level 10 in Fire Magic
   284 | D        | Reached XP level 7. HP: 41/41 MP: 4/16
   291 | D        | Found an opulent altar of Gozag.
   292 | D        | Found a sparkling altar of Nemelex Xobeh.
   296 | D        | Bought a potion of heal wounds for 50 gold pieces
   296 | D        | Bought a potion of heal wounds for 50 gold pieces
   361 | D        | Noticed Sonja
   366 | D        | Killed Sonja
   366 | D        | Reached * piety under Sif Muna
   367 | D        | Reached skill level 5 in Conjurations
   367 | D        | Reached skill level 11 in Fire Magic
   367 | D        | Reached skill level 5 in Invocations
   367 | D        | Reached XP level 8. HP: 16/47 MP: 12/19
   536 | D        | Found Hank's Antique Armour Boutique.
   561 | D        | Learned a level 4 spell: Flame Wave
   561 | D        | Noticed a deep troll
   577 | D        | HP: 1/47 [deep troll (12)]
   577 | D        | Mangled by a deep troll

Illustrated notes

Levels and vault maps discovered:
D:        dungeon_sprint_1 [red_sonja_temple_1, red_sonja_temple_small_1]

Skill      XL: |  1  2  3  4  5  6  7 |
---------------+----------------------+-----
Stealth        | 3 4 5 6 |  6.6
Spellcasting   | 3 4 5 6 7 |  7.9
Fire Magic     | 5 7 9 10 11 | 11.7
Dodging        | 3 4 5 6 |  6.1
Conjurations   | 2 3 5 |  5.2
Invocations    | 2 5 |  5.3
Fighting       | |  0.5
Hexes          | |  0.5
Evocations     | |  0.6

Action                   |  1- 3 |  4- 6 |  7- 9 || total
-------------------------+-------+-------+-------++-------
Melee: Unarmed           |     8 |       |       ||     8
       Constrict         |     1 |       |       ||     1
       Tentacles         |     1 |       |       ||     1
 Cast: Foxfire           |     4 |     7 |     1 ||    12
       Scorch            |     2 |     7 |     3 ||    12
       Inner Flame       |       |       |     1 ||     1
       Kindle Blastspark |       |       |     3 ||     3
       Flame Wave        |       |       |     1 ||     1
Evoke: Wand              |       |       |     1 ||     1
  Use: Potion            |     1 |       |     1 ||     2
Armor: Skin              |       |     1 |       ||     1
Dodge: Dodged            |     4 |       |     4 ||     8

Table legend: (Time is in decaauts)
 A = Elapsed time spent in this place.
 B = Non-inter-level travel time spent in this place.
 C = Inter-level travel time spent in this place.
 D = Time resting spent in this place.
 E = Time spent auto-exploring this place.
 F = Levels seen in this place.
 G = Mean time per level.
                   A        B        C        D        E       F      G
               +--------+--------+--------+--------+--------+-----+--------+
         Total |    585 |    585 |      0 |    333 |      0 |   1 |  585.0 |
       Dungeon |    585 |    585 |      0 |    333 |      0 |   1 |  585.0 |
               +--------+--------+--------+--------+--------+-----+--------+

Top non-repeatable levels by time:
       D: 585 daAuts
